 Dungeon Crawl Stone Soup version 0.27-a0-1200-g94dc6ad4cf (webtiles) character file.

Game seed: 6071477972729617833

3472 BartGarfuncle the Carver (level 10, -10/51 HPs)
             Began as a Vine Stalker Fighter on May 31, 2021.
             Splashed by an acid dragon's acid (13 damage)
             ... on level 6 of the Dungeon.
             The game lasted 00:11:47 (6534 turns).

BartGarfuncle the Carver (Vine Stalker Fighter)     Turns: 6534, Time: 00:11:48

Health: -10/51     AC:  0    Str: 18    XL:     10   Next: 6%
Magic:  0/11       EV:  9    Int: 11    God:
Gold:   820        SH: 10    Dex: 15    Spells: 9/9 levels left

rFire    . . .     SeeInvis .   a - +0 long sword
rCold    . . .     Faith    .   c - +0 kite shield
rNeg     . . .     Spirit   +   b - +0 scale mail
rPois    .         Reflect  .   G - +1 hat
rElec    .         Harm     .   (no cloak)
rCorr    .         Rampage  .   d - +0 pair of gloves
Will     +....     Clarity  +   (no boots)
Stlth    ..........             y - amulet of the acrobat
HPRegen  1.17/turn              t - +4 ring of protection
MPRegen  0.12/turn              B - ring of flight

@: corroded, flying
A: fangs 3, regeneration 1, magic shield, antimagic bite, no potion heal 2,
clarity, mutation resistance 1
a: no special abilities


You were on level 6 of the Dungeon.
You visited 2 branches of the dungeon, and saw 8 of its levels.
You also visited: Ossuary.

You collected 820 gold pieces.

Inventory:

Hand Weapons
 a - a +0 long sword (weapon)
 h - a +2 dagger of speed
Missiles
 s - 4 curare-tipped darts (quivered)
Armour
 b - a +0 scale mail (worn)
 c - a +0 kite shield (worn)
 d - a +0 pair of gloves (worn)
 G - a +1 hat (worn)
Jewellery
 t - a +4 ring of protection (left hand)
 y - an amulet of the acrobat (around neck)
 B - a ring of flight (right hand)
Wands
 C - a wand of digging (3)
Scrolls
 e - 2 scrolls of magic mapping {unknown}
 f - 3 scrolls of immolation {unknown}
 g - 4 scrolls of fear {unknown}
 i - a scroll of torment {unknown}
 k - 3 scrolls of amnesia {unknown}
 l - 4 scrolls of teleportation {unknown}
 m - 7 scrolls of identify {unknown}
 n - 2 scrolls of noise {unknown}
 p - 2 scrolls of holy word {unknown}
 r - 2 scrolls of summoning {unknown}
 w - 3 scrolls of enchant armour {unknown}
 D - a scroll of silence {unknown}
Potions
 j - 2 potions of brilliance {unknown}
 o - a potion of heal wounds {unknown}
 q - a potion of resistance {unknown}
 u - a potion of cancellation {unknown}
 v - 5 potions of curing
 x - 2 potions of attraction {unknown}
 z - a potion of berserk rage {unknown}
 A - a potion of haste {unknown}
 E - a potion of flight {unknown}
 F - 2 potions of degeneration {unknown}


   Skills:
 + Level 5.0 Fighting
 - Level 0.7(5.8) Short Blades
 * Level 9.2(9.3) Long Blades
 - Level 2.4 Armour
 - Level 4.1 Dodging
 + Level 6.9 Shields


You had 9 spell levels left.
You didn't know any spells.
Your spell library contained the following spells:

 Spells                   Type           Power      Damage    Failure   Level
 Animate Skeleton         Necr           0%         N/A       97%         1
 Apportation              Tloc           0%         N/A       97%         1
 Corona                   Hex            0%         N/A       97%         1
 Sandblast                Erth           0%         2d4       97%         1
 Summon Small Mammal      Summ           0%         N/A       97%         1
 Passwall                 Tmut/Erth      0%         N/A       99%         2
 Confusing Touch          Hex            0%         N/A       100%        3
 Gell's Gravitas          Tloc           0%         N/A       100%        3
 Stone Arrow              Conj/Erth      0%         3d7       100%        3
 Petrify                  Tmut/Erth      0%         N/A       100%        4
 Lee's Rapid Deconstruct  Erth           0%         3d5*      100%        5
 Metabolic Englaciation   Hex/Ice        0%         N/A       100%        5
 Yara's Violent Unravell  Hex/Tmut       0%         3d3       100%        5
 Haunt                    Necr/Summ      0%         N/A       100%        7
 Malign Gateway           Summ/Tloc      0%         N/A       100%        7
 Monstrous Menagerie      Summ           0%         N/A       100%        7
 Summon Horrible Things   Summ           0%         N/A       100%        8


Dungeon Overview and Level Annotations

Branches:
Dungeon (7/15)             Temple (1/1) D:4         Ossuary (visited)

Altars:
Ashenzari
Cheibriados
Dithmenos
Elyvilon
Gozag
Hepliaklqana
Kikubaaqudgha
Makhleb
Nemelex Xobeh
Okawaru
Qazlal
Ru
Trog
Vehumet
Wu Jian
Yredelemnul
The Shining One

Annotations:
D:3 Eustachio


Innate Abilities, Weirdness & Mutations

You have razor-sharp teeth.
Your natural rate of healing is unusually fast.
When hurt, damage is shared between your health and your magic reserves.
Your bite disrupts and absorbs the magic of your enemies.
Potions cannot restore your health.
You possess an exceptional clarity of mind.
You are somewhat resistant to further mutation.


Message History

The acid dragon is severely wounded.
The acid dragon bites you.
* * * LOW HITPOINT WARNING * * *
The acid dragon claws you.
* * * LOW HITPOINT WARNING * * *
Your shield and scale mail prevent you from hitting the acid dragon.
The acid dragon is severely wounded.
The acid dragon spits acid at you. You block the splash of acid.
You closely miss the acid dragon.
The acid dragon is severely wounded.
The acid dragon barely misses you. The acid dragon claws you.
* * * LOW HITPOINT WARNING * * *
You hit the acid dragon. Your bite misses the acid dragon.
The acid dragon is severely wounded.
You block the acid dragon's attack.
The acid dragon claws you but does no damage.
You hit the acid dragon but do no damage.
The acid dragon is severely wounded.
The acid dragon bites you but does no damage.
The acid dragon claws you but does no damage.
The acid dragon bites you!
* * * LOW HITPOINT WARNING * * *
You block the acid dragon's attack.
You hit the acid dragon.
You bite the acid dragon, but do no damage.
The acid dragon is almost dead.
You block the acid dragon's attack. x2
You closely miss the acid dragon.
The acid dragon is almost dead.
The acid dragon bites you.
* * * LOW HITPOINT WARNING * * *
The acid dragon closely misses you.
You hit the acid dragon but do no damage.
The acid dragon is almost dead.
The acid dragon spits acid at you. The splash of acid hits you!
* * * LOW HITPOINT WARNING * * *
The acid corrodes you!
You are splashed with acid!
You die...

#...## #....## #.#
#....###....# ##.#
##..........### #..#
####...#.....#...#####..#
#.##.......####...##.#..#
##........## ##.......###
##.##...## ##..........#
##..####.D####........##.##
#....##...@...........###..
##.#...#...............####.
#.###....####..##......##...
#.####.#...#
##..#...........
#####.##...# ##...........#.
#..##....## #........####.
#.#.......## ##......## ##
##.........## #.....## ###
#..........####....#####..


You could see an acid dragon (catching breath).

Vanquished Creatures
  Prince Ribbit (D:6)
  A water moccasin (D:7)
  A sky beast (D:5)
  3 black bears
  3 orc warriors
  An ice beast (D:6)
  3 necrophages
  2 ogres
  A bullfrog (D:6)
  11 scorpions
  A water moccasin skeleton (D:6)
  A bullfrog zombie (D:5)
  2 centaur zombies
  4 human zombies (Ossuary)
  5 hounds
  4 jellies
  A gnoll shaman (D:5)
  2 centaur skeletons (D:5)
  2 bullfrog skeletons (D:5)
  2 orc wizards
  8 scorpion zombies
  3 iguanas
  3 mummies (Ossuary)
  2 gnolls (D:4)
  8 adders
  4 river rats (D:6)
  A shadow imp (D:7)
  A white imp (D:5)
  An ufetubus (D:5)
  An adder skeleton (D:4)
  A worm (D:2)
  6 dart slugs
  16 orcs
  5 ball pythons
  8 bats
  10 endoplasms
  2 giant cockroaches (D:3)
  A gnoll zombie (Ossuary)
  7 hobgoblins
  7 jackals (D:1)
  5 quokkas
  12 frilled lizards
  13 goblins
  9 kobolds
  2 kobold zombies (Ossuary)
  2 orc zombies (Ossuary)
  4 rats
193 creatures vanquished.

Vanquished Creatures (others)
  5 plants (D:3)
5 creatures vanquished.

Grand Total: 198 creatures vanquished

Notes
Turn   | Place    | Note
-------+----------+-------------------------------------------
     0 | D:1      | BartGarfuncle the Vine Stalker Fighter began the quest for
                  | the Orb.
     0 | D:1      | Reached XP level 1. HP: 11/11 MP: 2/2
    47 | D:1      | Reached skill level 2 in Long Blades
   118 | D:1      | Reached XP level 2. HP: 16/16 MP: 1/3
   301 | D:1      | Reached XP level 3. HP: 17/20 MP: 2/4
  1401 | D:2      | Found an ancient bone altar of Kikubaaqudgha.
  1422 | D:2      | Gained mutation: Your natural rate of healing is unusually
                  | fast. [Vine Stalker growth]
  1422 | D:2      | Reached XP level 4. HP: 9/24 MP: 2/5
  1833 | D:3      | Reached skill level 3 in Long Blades
  1969 | D:3      | Found a sacrificial altar of Ru.
  2130 | D:3      | Found a faded altar of an unknown god.
  2199 | D:3      | Reached XP level 5. HP: 28/28 MP: 4/6
  2439 | D:4      | Found a stormy altar of Qazlal.
  2445 | D:4      | Noticed a black bear
  2447 | D:4      | Noticed Eustachio
  2464 | D:3      | Killed a black bear
  2534 | D:3      | HP: 1/29 [river rat[Eustachio] (6)]
  2539 | D:4      | Gained mutation: You have razor-sharp teeth. [potion of
                  | mutation]
  2539 | D:4      | Gained mutation: You are somewhat resistant to further
                  | mutation. [potion of mutation]
  2539 | D:4      | Gained mutation: You possess an exceptional clarity of
                  | mind. [potion of mutation]
  2549 | D:4      | Reached XP level 6. HP: 19/33 MP: 1/7
  2555 | D:4      | Reached skill level 4 in Long Blades
  2672 | D:4      | Noticed a necrophage
  2682 | D:4      | Killed a necrophage
  2866 | D:4      | Reached XP level 7. HP: 17/37 MP: 3/8
  3136 | D:4      | Reached skill level 1 in Dodging
  3143 | D:4      | Reached skill level 5 in Long Blades
  3250 | D:4      | Found an iron altar of Okawaru.
  3278 | D:4      | Found a staircase to the Ecumenical Temple.
  3330 | Temple   | Entered the Ecumenical Temple
  3661 | D:5      | Entered Level 5 of the Dungeon
  3811 | D:5      | Found a burning altar of Makhleb.
  3867 | D:5      | Found a sand-covered staircase.
  3898 | Ossuary  | Entered an ossuary
  3962 | Ossuary  | Mutation became permanent: You have extremely sharp teeth.
                  | [Vine Stalker growth]
  3962 | Ossuary  | Gained mutation: You have razor-sharp teeth. [Vine Stalker
                  | growth]
  3962 | Ossuary  | Reached XP level 8. HP: 14/42 MP: 9/9
  4026 | Ossuary  | Reached skill level 6 in Long Blades
  4044 | Ossuary  | Reached skill level 5 in Shields
  4261 | Ossuary  | Reached skill level 7 in Long Blades
  4524 | D:5      | Reached XP level 9. HP: 40/45 MP: 8/10
  4608 | D:5      | Reached skill level 8 in Long Blades
  5012 | D:6      | Found a sparkling altar of Nemelex Xobeh.
  5500 | D:6      | Found an opulent altar of Gozag.
  5550 | D:6      | Noticed Prince Ribbit
  5566 | D:6      | Killed Prince Ribbit
  5567 | D:6      | Reached skill level 9 in Long Blades
  6362 | D:7      | Reached XP level 10. HP: 51/51 MP: 11/11
  6373 | D:7      | Reached skill level 5 in Fighting
  6534 | D:6      | Splashed by an acid dragon's acid

Illustrated notes

Levels and vault maps discovered:
D:1:      lemuel_arrival_lava_pool, layout_basic, minmay_split_cup_large
D:2:      layout_loops_ring, basic_altar, minmay_bisected
D:3:      layout_loops_cross, lemuel_round_altar, basic_ecumenical_altar,
          minmay_lizard_king
D:4:      layout_loops_cross, overflow_temple_1_default,
          okawaru_altar_gauntlet_db, minmay_temple_entry_wispy,
          grunt_decor_fettered, kennysheep_generic_room_6, uniq_eustachio
D:5:      minmay_polygon_palace, layout_cave_pools, lightli_temple_of_fire,
          nicolae_ossuary_entry_ruins, kennysheep_generic_room_5
D:6:      layout_layer_cave, nicolae_gozag_cash_rules_everything_around_me,
          amcnicky_altar_gilded, portal_sewer_entry_e,
          kennysheep_opposing_triangles, uniq_prince_ribbit1
D:7:      hangedman_cross_stitches, layout_rooms, lemuel_doored_altar,
          gammafunk_ghost_berserking_beasts
Temple:   chequers_temple_sunken

Skill      XL: |  1  2  3  4  5  6  7  8  9 10 |
---------------+-------------------------------+-----
Long Blades    | 2 3 4 5 7 9 |  9.2
Fighting       | 3 4 5 |  5.0
Shields        | 3 4 5 6 |  6.9
Dodging        | 2 3 4 |  4.1
Short Blades   | |  0.7
Armour         | |  2.4

Action                   |  1- 3 |  4- 6 |  7- 9 | 10-12 || total
-------------------------+-------+-------+-------+-------++-------
Melee: Long sword        |    85 |   135 |   468 |    45 ||   733
       Bite              |    21 |    40 |   178 |    10 ||   249
  Use: Potion            |     2 |     3 |     1 |       ||     6
Armor: Scale mail        |    45 |    69 |   207 |    22 ||   343
       Skin              |       |    10 |       |       ||    10
Dodge: Dodged            |    40 |    38 |   185 |    16 ||   279
Block: Kite shield       |    65 |    83 |   277 |    34 ||   459
       Rpst.: Long sword |    22 |    11 |    50 |     3 ||    86

Table legend: (Time is in decaauts)
 A = Elapsed time spent in this place.
 B = Non-inter-level travel time spent in this place.
 C = Inter-level travel time spent in this place.
 D = Time resting spent in this place.
 E = Time spent auto-exploring this place.
 F = Levels seen in this place.
 G = Mean time per level.
                   A        B        C        D        E       F      G
               +--------+--------+--------+--------+--------+-----+--------+
         Total |   6812 |   6671 |    141 |    193 |   4840 |   9 |  756.9 |
       Dungeon |   6056 |   5920 |    136 |    177 |   4456 |   7 |  865.1 |
        Temple |    246 |    241 |      5 |      0 |    239 |   1 |  246.0 |
       Ossuary |    510 |    510 |      0 |     16 |    145 |   1 |  510.0 |
               +--------+--------+--------+--------+--------+-----+--------+

Top non-repeatable levels by time:
     D:6: 1544 daAuts
     D:4: 1023 daAuts
     D:1: 1007 daAuts
     D:2: 858 daAuts
     D:5: 815 daAuts
     D:3: 736 daAuts
 Ossuary: 510 daAuts
  Temple: 246 daAuts
     D:7: 70 daAuts
